 Dungeon Crawl Stone Soup version 0.25-a0-651-g8c222c7a2b (webtiles) character file.

Game seed: 9397327968321610690, levelgen mode: deterministic

8477 Envy91 the Fighter (level 11, -7/108 (110) HPs)
             Began as a Minotaur Berserker on Mar 21, 2020.
             Was a High Priest of Trog.
             Hit by a large rock thrown by a stone giant (22 damage)
             ... on level 2 of the Orcish Mines on Mar 22, 2020.
             The game lasted 01:21:22 (11161 turns).

Envy91 the Fighter (Minotaur Berserker)            Turns: 11161, Time: 01:21:23

HP:   -7/108 (110)  AC: 13    Str: 24    XL:     11   Next: 10%
MP:   10/10         EV:  8    Int:  4    God:    Trog [*****.]
Gold: 842           SH:  0    Dex: 11    Spells: 10/10 levels left

rFire    . . .     SeeInvis .   z - +5 war axe (vorpal)
rCold    + + .     Gourm    .   (no shield)
rNeg     . . .     Faith    .   A - +0 plate armour
rPois    .         Spirit   .   (helmet restricted)
rElec    .         Reflect  .   p - scarf {rC+ rF+}
rCorr    .         Harm     .   (no gloves)
MR       ++...                  (no boots)
Stlth    ..........             (no amulet)
HPRegen  1.28/turn              y - ring of ice
MPRegen  0.12/turn              (no ring)

@: regenerating
A: retaliatory headbutt, horns 2
a: Berserk, Trog's Hand, Brothers in Arms, Renounce Religion


You were on level 2 of the Orcish Mines.
You worshipped Trog.
Trog was extremely pleased with you.
You were hungry.

You visited 2 branches of the dungeon, and saw 11 of its levels.

You collected 980 gold pieces.
You spent 138 gold pieces at shops.

Inventory:

Hand Weapons
 z - a +5 vorpal war axe (weapon)
Missiles
 g - 126 arrows (quivered)
 q - 20 bolts
 s - 40 poisoned darts
 u - 7 atropa-tipped darts
Armour
 o - a +0 leather armour of poison resistance
 p - a scarf of resistance (worn)
 A - a +0 plate armour (worn)
Jewellery
 y - a ring of ice (left hand)
Wands
 b - a wand of flame (19)
 v - a wand of iceblast (8)
 D - a wand of acid (6)
Scrolls
 a - 2 scrolls of holy word {unknown}
 d - 2 scrolls of fear
 e - 6 scrolls of remove curse
 h - a scroll of fog {unknown}
 l - 4 scrolls of blinking
 m - a scroll of magic mapping {unknown}
 r - 4 scrolls of identify
 t - 2 scrolls of enchant armour {unknown}
 x - 4 scrolls of teleportation
 C - 2 scrolls of amnesia {unknown}
Potions
 f - a potion of lignification {unknown}
 i - 7 potions of curing
 j - 2 potions of flight
 k - 3 potions of might
 n - 2 potions of degeneration {unknown}
 w - 2 potions of heal wounds {unknown}
 B - a potion of haste {unknown}
Comestibles
 c - 15 rations


   Skills:
 - Level 14.2 Fighting
 - Level 12.3 Axes
 + Level 8.2 Armour
 * Level 3.6 Dodging


You had 10 spell levels left.
You didn't know any spells.
Your spell library contained the following spells:

 Spells                   Type           Power        Failure   Level  Hunger
 Corona                   Hex            #......      100%        1    ##.....
 Ensorcelled Hibernation  Hex/Ice        #.....       100%        2    ###....
 Confusing Touch          Hex            #.......     100%        3    ####...
 Dazzling Flash           Conj/Hex       #.....       100%        3    ####...
 Tukima's Dance           Hex            #.......     100%        3    ####...


Dungeon Overview and Level Annotations

Branches:
Dungeon (9/15)                Orc (2/2) D:9
 Temple: D:4-7         Lair: D:8-11         Elf: Orc:2

Altars:
Cheibriados
Nemelex Xobeh
Okawaru
Trog
Yredelemnul
Beogh

Shops:
D:6 ?   D:8 [


Innate Abilities, Weirdness & Mutations

You reflexively headbutt those who attack you in melee.
You have a pair of horns on your head.


Message History

You slash the stone giant!
The stone giant is lightly wounded.
The orc priest invokes the aid of Beogh against you.
Beogh smites you!
You slice the stone giant!! You headbutt the stone giant.
The stone giant is heavily wounded.
The stone giant hits you!!
Your plate armour prevents you from hitting the stone giant.
You headbutt the stone giant, but do no damage.
The stone giant is heavily wounded.
The stone giant hits you but does no damage.
The stone giant hits you!!
The stone giant throws a large rock.
The large rock hits you!!
* * * LOW HITPOINT WARNING * * *
You see here a large rock.
Your skin crawls.
You feel resistant to hostile enchantments.
You are feeling hungry.
The stone giant throws a large rock.
The large rock hits you!!
You die...

#### ..# ## #.# #..
#@# #..o#.##+###+##
+._OC.........+
#..o###'####### ####
#...#.....#..###...#
### #....[#.......##
#..⌠.)'.........
#....)#.........
#.....#.........


You could see a stone giant and an orc priest.

Vanquished Creatures
  Gastronok (D:8)
  A two-headed ogre (Orc:2)
  An orc sorcerer (D:9)
  Joseph (D:7)
  A troll (Orc:1)
  A wyvern (D:9)
  4 yaks (D:9)
  2 hungry ghosts (D:9)
  A sky beast (D:5)
  7 orc warriors
  A necrophage (D:6)
  3 black bears (D:9)
  A phantom (D:9)
  An eye of draining (D:9)
  13 ogres
  A centaur (D:9)
  3 bullfrogs (D:8)
  A gnoll sergeant (D:8)
  2 scorpions
  A howler monkey (D:3)
  3 wights (D:9)
  2 crimson imps (D:9)
  A quasit (D:6)
  A jelly (D:8)
  A centaur zombie (D:6)
  A centaur skeleton (D:8)
  9 orc priests
  2 bullfrog skeletons
  3 hounds
  6 orc wizards
  2 iguanas
  5 worker ants
  A hound skeleton (D:6)
  A worker ant zombie (D:5)
  10 gnolls
  10 adders
  4 shadow imps
  2 oozes
  A worm (D:4)
  A dart slug (D:2)
  3 leopard geckos
  67 orcs
  3 giant cockroaches
  17 goblins
  6 hobgoblins
  17 jackals
  5 quokkas
  6 bats
  5 frilled lizards
  9 kobolds
  6 rats
  A plant (D:1)
258 creatures vanquished.

Notes
Turn   | Place    | Note
-------+----------+-------------------------------------------
     0 | D:1      | Envy91 the Minotaur Berserker began the quest for the Orb.
     0 | D:1      | Reached XP level 1. HP: 19/19 MP: 0/0
    84 | D:1      | Reached skill level 4 in Fighting
   337 | D:1      | Reached XP level 2. HP: 28/28 MP: 1/1
   865 | D:1      | Reached ** piety under Trog
   865 | D:1      | Reached skill level 5 in Fighting
  1007 | D:2      | Reached XP level 3. HP: 36/36 MP: 2/2
  1332 | D:2      | Found a sparkling altar of Nemelex Xobeh.
  1789 | D:3      | Reached XP level 4. HP: 40/42 MP: 3/3
  1813 | D:3      | Reached skill level 5 in Axes
  1819 | D:3      | Reached skill level 6 in Fighting
  1819 | D:3      | Reached XP level 5. HP: 50/50 MP: 4/4
  2468 | D:3      | Reached *** piety under Trog
  2853 | D:4      | Noticed an ogre
  2864 | D:4      | Killed an ogre
  2864 | D:4      | Reached skill level 5 in Armour
  2864 | D:4      | Reached XP level 6. HP: 21/58 MP: 5/5
  3066 | D:4      | Upgraded the game from 0.25-a0-645-gb4487340cb to
                  | 0.25-a0-651-g8c222c7a2b
  3906 | D:5      | Entered Level 5 of the Dungeon
  4324 | D:5      | Noticed a sky beast
  4337 | D:5      | Killed a sky beast
  4337 | D:5      | Reached XP level 7. HP: 49/64 MP: 6/6
  5231 | D:6      | Found Xofrow's Magic Scroll Boutique.
  5289 | D:6      | Bought a scroll of identify for 24 gold pieces
  5289 | D:6      | Bought a scroll of identify for 24 gold pieces
  5289 | D:6      | Bought a scroll of enchant weapon for 90 gold pieces
  5387 | D:6      | Found a snail-covered altar of Cheibriados.
  5627 | D:6      | Reached XP level 8. HP: 43/69 MP: 7/7
  6327 | D:7      | Reached skill level 10 in Axes
  6908 | D:7      | Noticed Joseph
  6922 | D:7      | Killed Joseph
  6922 | D:7      | Reached skill level 8 in Fighting
  7437 | D:8      | Reached skill level 9 in Fighting
  7562 | D:8      | Reached **** piety under Trog
  7826 | D:8      | Found Ejeixzuv's Antique Armour Boutique.
  7876 | D:8      | Found a bloodstained altar of Trog.
  8066 | D:8      | Noticed Gastronok
  8071 | D:8      | Reached XP level 9. HP: 79/83 MP: 8/8
  8080 | D:8      | Reached skill level 10 in Fighting
  8092 | D:8      | Killed Gastronok
  8092 | D:8      | Reached skill level 13 in Fighting
  8530 | D:9      | Found an iron altar of Okawaru.
  8534 | D:9      | Found a staircase to the Orcish Mines.
  8566 | D:9      | Reached XP level 10. HP: 94/99 MP: 9/9
  8932 | D:9      | Found a basalt altar of Yredelemnul.
  8972 | Orc:1    | Entered Level 1 of the Orcish Mines
  9026 | Orc:1    | Noticed an orc sorcerer
  9046 | D:9      | Reached ***** piety under Trog
  9046 | D:9      | Received a gift from Trog
  9050 | D:9      | Killed an orc sorcerer
  9629 | D:9      | Found an iron altar of Okawaru.
 10387 | Orc:2    | Entered Level 2 of the Orcish Mines
 10459 | Orc:2    | Noticed a two-headed ogre
 10467 | Orc:2    | Killed a two-headed ogre
 10552 | Orc:2    | Reached XP level 11. HP: 99/106 MP: 10/10
 10587 | Orc:2    | Reached skill level 14 in Fighting
 10824 | Orc:2    | Received a gift from Trog
 11153 | Orc:2    | Found a roughly hewn altar of Beogh.
 11153 | Orc:2    | Noticed a stone giant
 11161 | Orc:2    | Hit by a large rock thrown by a stone giant

Levels and vault maps discovered:
D:1:      kennysheep_arrival_seaside, layout_basic
D:2:      layout_rooms, nemelex_xobeh_ov_fountains_minmay
D:3:      layout_loops_ring
D:4:      layout_gridville, temple_doors_e, serial_shops, kennysheep_mini_moat
D:5:      layout_rooms, first_ration
D:6:      layout_gridville, lemuel_round_altar, serial_shops, shop_coins
D:7:      layout_basic, minmay_door_square, uniq_joseph
D:8:      layout_loops_ring, serial_shops, shop, trog_hazing_becter,
          uniq_gastronok
D:9:      layout_rooms, kennysheep_little_box, okawaru_altar_gauntlet_db,
          enter_bailey_3, basic_altar
Orc:1:    layout_caves, minmay_orc_temple_c
Orc:2:    pubby_orc_utopia

Skill      XL: |  1  2  3  4  5  6  7  8  9 10 11 |
---------------+----------------------------------+-----
Fighting       | 4 5 6 9 13 14 | 14.2
Axes           | 4 5 6 9 10 12 | 12.3
Armour         | 5 8 |  8.2
Dodging        | 3 |  3.6

Action                   |  1- 3 |  4- 6 |  7- 9 | 10-12 || total
-------------------------+-------+-------+-------+-------++-------
Melee: Hand axe          |   103 |    91 |   241 |    58 ||   493
       Headbutt          |    15 |    19 |    48 |    33 ||   115
       War axe           |       |       |       |   137 ||   137
Invok: Berserk           |     1 |     2 |     6 |     5 ||    14
       Trog's Hand       |       |       |       |     2 ||     2
  Use: Scroll            |       |     6 |       |     4 ||    10
  Eat: Chunk             |     4 |     9 |    14 |    16 ||    43
       Ration            |       |       |     1 |     1 ||     2
Armor: Animal skin       |    10 |       |       |       ||    10
       Leather armour    |       |     7 |    12 |       ||    19
       Plate armour      |       |       |    80 |   139 ||   219
Dodge: Dodged            |    65 |    52 |   111 |    83 ||   311

Table legend:
 A = Non-vault XP
 B = Vault XP
 C = Vault XP percentage of total XP
 D = Non-vault monster count
 E = Vault monster count
 F = Vault count percentage of total count
                 A         B        C        D         E       F
            +---------+---------+-------+---------+---------+-------
      Total |    6885 |    5225 |  43.1 |     193 |      64 |  24.9
            +---------+---------+-------+---------+---------+-------
        D:1 |      36 |       0 |   0.0 |      23 |       0 |   0.0
        D:2 |      40 |       0 |   0.0 |      15 |       0 |   0.0
        D:3 |     303 |       0 |   0.0 |      28 |       0 |   0.0
        D:4 |     184 |       0 |   0.0 |       7 |       0 |   0.0
        D:5 |     543 |       0 |   0.0 |      22 |       0 |   0.0
        D:6 |     423 |       0 |   0.0 |      12 |       0 |   0.0
        D:7 |     316 |     466 |  59.6 |      10 |       1 |   9.1
        D:8 |     637 |    2193 |  77.5 |      20 |       7 |  25.9
        D:9 |    3459 |      28 |   0.8 |      37 |      10 |  21.3
      Orc:1 |     944 |       0 |   0.0 |      19 |       0 |   0.0
      Orc:2 |       0 |    2538 | 100.0 |       0 |      46 | 100.0
            +---------+---------+-------+---------+---------+-------
